 Dungeon Crawl Stone Soup version 0.20.0-4-g10b340a (webtiles) character file.

177038 Gorglomux the Fighter (level 17, -27/151 HPs)
             Began as a Green Draconian Earth Elementalist on May 27, 2017.
             Was the Champion of Vehumet.
             Killed from afar by Ilsuiw (47 damage)
             ... with a shard of ice
             ... on level 4 of the Shoals.
             The game lasted 01:49:55 (34394 turns).

Gorglomux the Fighter (DrEE)                       Turns: 34394, Time: 01:49:56

Health: -27/151    AC: 21    Str: 11    XL:     17   Next: 53%
Magic:  8/48       EV: 18    Int: 21    God:    Vehumet [******]
Gold:   92         SH: 12    Dex: 15    Spells: 2/41 levels left

rFire    + . .     SeeInvis .   L - staff of power
rCold    . . .     Gourm    .   u - +1 buckler
rNeg     + . .     Faith    .   (armour unavailable)
rPois    +         Spirit   .   (helmet restricted)
rElec    .         Reflect  +   t - +2 cloak
rCorr    .         Harm     .   p - +2 pair of gloves
MR       +....                  k - +0 pair of boots
Stlth    +.........             d - +6 amulet of reflection
Regen    0.4/turn               f - ring of Finality {rF+ rN+ AC+5 Dex+2}
MPRegen  0.4/turn               y - +6 ring of slaying

@: engulfed (cannot breathe), deflect missiles, very slow
A: breathe noxious fumes, unfitting armour, stinger 1, poison resistance,
cold-blooded, AC +9
a: Breathe Noxious Fumes, Renounce Religion


You were on level 4 of the Shoals.
You worshipped Vehumet.
Vehumet was exalted by your worship.
You were very hungry.

You visited 6 branches of the dungeon, and saw 29 of its levels.
You also visited: Bailey and Ice Cave.

You collected 2773 gold pieces.
You spent 2681 gold pieces at shops.

Inventory:

Hand Weapons
 e - the +7 lajatang of Order {silver, rMut}
   (You bought it in a shop on level 2 of the Orcish Mines)

   It protects you from mutation.
Missiles
 Z - 3 throwing nets (quivered)
Armour
 k - a +0 pair of boots (worn)
 p - a +2 pair of gloves (worn)
 t - a +2 cloak (worn)
 u - a +1 buckler (worn)
 E - the +2 pair of gloves "Ryumegata" {+Inv rC- MR+ Str+3}
   (You found it on level 1 of the Lair of Beasts)

   It affects your strength (+3).
   It makes you vulnerable to cold.
   It affects your resistance to hostile enchantments.
   It lets you turn invisible.
Magical Staves
 C - an uncursed staff of earth
 L - an uncursed staff of power (weapon)
Jewellery
 d - a +6 amulet of reflection (around neck)
 f - the ring of Finality (left hand) {rF+ rN+ AC+5 Dex+2}
   (You took it off a red devil on level 6 of the Lair of Beasts)

   [ring of protection]

   It affects your AC (+5).
   It affects your dexterity (+2).
   It protects you from fire.
   It protects you from negative energy.
 g - an uncursed ring of resist corrosion
 y - a +6 ring of slaying (right hand)
Wands
 n - a wand of digging (15/24)
 A - a wand of acid (0/15)
 D - a wand of digging (21/24)
 S - a wand of scattershot (0/9)
Scrolls
 a - 5 scrolls of fog
 r - 12 scrolls of remove curse
 x - 2 scrolls of fear
 B - 3 scrolls of blinking
 G - 2 scrolls of summoning
 M - 3 scrolls of magic mapping
 O - 4 scrolls of immolation
 P - 3 scrolls of amnesia
 T - 4 scrolls of teleportation
Potions
 b - 2 potions of mutation
 h - 5 potions of heal wounds
 i - 5 potions of lignification
 j - 3 potions of cancellation
 l - 2 potions of berserk rage
 o - 3 potions of might
 q - 5 potions of haste
 v - 3 potions of ambrosia
 w - a potion of agility
 H - a potion of resistance
 J - a potion of brilliance
 N - 7 potions of flight
 Q - 6 potions of curing
 W - 3 potions of magic
Miscellaneous
 s - a lightning rod (inert)
 U - a box of beasts
 V - 2 phantom mirrors
 X - a phial of floods (inert)
 Y - a lamp of fire (inert)
Comestibles
 c - 14 bread rations
 z - 11 meat rations
 F - 7 fruits


   Skills:
 - Level 13.8 Fighting
 - Level 9.0 Dodging
 - Level 1.7 Stealth
 - Level 4.6 Shields
 - Level 12.5 Spellcasting
 - Level 12.8 Conjurations
 - Level 7.2 Charms
 - Level 2.0 Necromancy
 - Level 1.9 Translocations
   Level 1.0 Transmutations
 - Level 11.7 Fire Magic
 - Level 7.2 Air Magic
 + Level 13.1 Earth Magic


You had 2 spell levels left.
You knew the following spells:

 Your Spells              Type           Power        Failure   Level  Hunger
a - Sandblast             Erth           ######       0%          1    None
b - Stone Arrow           Conj/Erth      ######       1%          3    None
c - Fireball              Conj/Fire      ######....   1%          5    ####...
d - Blink                 Tloc           N/A          3%          2    None
e - Bolt of Fire          Conj/Fire      ######....   1%          6    #####..
f - Deflect Missiles      Chrm/Air       #####.....   36%         6    #####..
g - Iron Shot             Conj/Erth      ######....   1%          6    #####..
l - Lee's Rapid Deconstr  Erth           ######....   1%          5    ####...
R - Regeneration          Chrm/Necr      ####......   2%          3    None
Z - Sublimation of Blood  Necr           ###.......   3%          2    None


Dungeon Overview and Level Annotations

Branches:
Dungeon (15/15)            Temple (1/1) D:6            Lair (6/6) D:8
 Shoals (4/4) Lair:4        Snake (1/4) Lair:3        Slime (0/5) Lair:6
    Orc (2/2) D:12            Elf (0/3) Orc:2        Vaults (0/5) D:14
 Depths (0/5) D:15

Altars:
Ashenzari
Dithmenos
Elyvilon
Fedhas
Kikubaaqudgha
Makhleb
Nemelex Xobeh
Okawaru
Sif Muna
Trog
Vehumet
Xom
Zin
Beogh
Jiyva

Shops:
D:11 *   Orc:2 ?%(*   Shoals:1 *(   Shoals:4 (

Portals:
Hell: Lair:6

Annotations:
Shoals:4 Ilsuiw


Innate Abilities, Weirdness & Mutations

You can breathe blasts of noxious fumes.
Your lurid green scales are hard. (AC +9)
You cannot fit into any form of body armour.
Your tail ends in a poisonous barb.
Your system is resistant to poisons. (rPois)
You are cold-blooded and may be slowed by cold attacks.


Message History

Your lungs strain for air!
The water elemental closely misses you. You block something's attack.
The water elemental closely misses you. The water elemental hits you.
* * * LOW HITPOINT WARNING * * *
The water elemental hits you.
* * * LOW HITPOINT WARNING * * *
Unknown command.
With effort, you pull free of the water engulfing you.
You gasp with relief as air once again reaches your lungs.
You enter the shallow water.
Moving in this stuff is going to be slow.
You feel yourself speed up. Something hits you but does no damage.
The water elemental misses you. Something hits you but does no damage.
The water elemental hits you!
* * * LOW HITPOINT WARNING * * *
The water elemental engulfs you in water!
You hear some strange, mumbled words.
A shard of ice appears from out of thin air!
The shard of ice hits you!
You die...

#############
≈≈≈≈≈≈≈≈≈≈≈≈≈≈≈≈≈≈≈≈≈≈≈≈
≈≈≈≈≈≈≈≈≈≈≈≈≈≈≈≈≈≈≈≈≈≈≈≈
≈≈≈≈≈≈≈≈≈≈≈≈≈≈≈≈≈≈≈≈≈≈≈≈
≈≈≈≈≈≈≈≈≈≈≈≈≈≈≈≈≈≈≈≈≈≈≈≈
≈≈≈≈≈≈≈≈≈≈≈≈ ≈≈≈≈≈≈≈≈.....
≈≈≈≈≈≈≈≈≈≈≈≈#####≈≈≈≈.^.##.
≈≈≈≈≈≈≈≈≈≈≈≈##≈≈≈##≈≈..####.
≈≈≈≈≈≈≈≈≈≈≈≈@#≈≈≈≈≈#≈≈/.####.
≈≈≈≈≈≈≈≈≈≈≈≈{≈EE≈:≈≈#≈≈....##.
≈≈≈≈≈≈≈≈≈≈≈≈≈≈#≈%≈..#≈≈≈≈...##
≈≈≈≈≈≈≈≈≈≈≈≈≈≈##≈≈.##.........
≈≈≈≈≈≈≈≈≈≈≈≈≈≈≈#####≈.........
≈≈≈≈≈≈≈≈≈≈≈≈≈≈≈≈≈≈≈≈≈.........
≈≈≈≈≈≈≈≈≈≈≈≈≈≈≈≈≈≈≈≈..........
≈≈≈≈≈≈≈≈≈≈≈≈≈≈≈≈≈≈≈≈..........
≈≈≈≈≈≈≈≈≈≈≈≈≈≈≈≈≈≈≈≈≈≈≈.......


You could see 2 water elementals.

Vanquished Creatures
  Nikola (Shoals:2)
  Polyphemus (Shoals:2)
  Kirke (D:12)
  Louise (Shoals:3)
  A dire elephant (Lair:6)
  Azrael (D:13)
  Snorg (D:10)
  An ettin (D:15)
  3 merfolk impalers (Shoals:3)
  A fire dragon (D:15)
  4 vault guards (D:14)
  A hell beast (Lair:6)
  11 hydras
  An alligator snapping turtle (Shoals:3)
  2 anacondas (Snake:1)
  2 merfolk aquamancers (Shoals:3)
  6 centaur warriors
  2 ogre magi (D:15)
  A satyr (Shoals:3)
  2 death knights (D:15)
  2 catoblepae
  2 tengu warriors
  19 two-headed ogres
  5 orc high priests (Orc:2)
  5 death yaks
  Urug (D:11)
  The ghost of oki the Martial Artist, a novice OpTm (D:8)
  The ghost of kelthazard the Cleaver, a novice MiBe of Trog (Bailey)
  A skeletal warrior (D:15)
  5 unseen horrors
  9 sea snakes
  2 wizards
  7 orc knights
  A deep elf archer (D:15)
  A wolf spider zombie (D:15)
  2 phantasmal warriors (D:15)
  A necromancer (IceCv)
  A wolf spider (Lair:3)
  A deep elf mage (D:8)
  13 harpies
  5 fauns
  7 manticores
  2 orc sorcerers
  10 ugly things
  6 cyclopes
  4 merfolk sirens
  An elephant (shapeshifter) (D:12)
  11 black mambas
  Maurice (D:9)
  An ice statue (IceCv)
  2 orange demons (Lair:6)
  3 water nymphs
  3 elephants (Lair:6)
  12 spiny frogs
  A gargoyle (D:12)
  6 rime drakes
  A yaktaur (D:15)
  11 freezing wraiths
  A hellwing (Lair:6)
  2 ice devils (Lair:6)
  11 komodo dragons
  A tengu conjurer (Shoals:1)
  17 merfolk
  A red devil (Lair:6)
  9 trolls
  3 meliai (D:11)
  A hornet (D:12)
  Grinder (D:6)
  4 slime creatures
  3 wind drakes
  11 dream sheep
  15 hippogriffs
  19 blink frogs
  A meliai zombie (D:13)
  10 snapping turtles
  13 water elementals
  A shadow (D:12)
  35 yaks
  4 wraiths
  3 hogs (D:12)
  4 basilisks
  5 wyverns
  5 fire elementals (D:13)
  4 hungry ghosts
  A golden eye (shapeshifter) (D:13)
  Grum (D:8)
  2 vampire mosquitoes (D:12)
  A naga (Snake:1)
  2 wargs
  An acid dragon (D:15)
  2 soldier ants
  23 water moccasins
  8 porcupines
  An alligator simulacrum (IceCv)
  7 hell hounds
  46 orc warriors
  5 phantoms
  5 sky beasts
  14 ice beasts
  4 black bears
  24 wolves
  20 ogres
  24 centaurs
  An eye of draining (D:9)
  2 necrophages
  11 crocodiles
  2 big kobolds
  22 bullfrogs
  A gnoll sergeant (D:10)
  4 scorpions
  12 killer bees
  A water moccasin skeleton (D:12)
  14 wights
  5 electric eels (D:14)
  5 howler monkeys
  3 bullfrog zombies
  9 crimson imps
  3 centaur zombies
  5 jellies
  5 draconian simulacra (IceCv)
  29 orc priests
  Crazy Yiuf (D:3)
  2 bullfrog skeletons
  7 hounds
  27 orc wizards
  A centaur skeleton (D:4)
  12 worker ants
  Natasha (twice) (D:2)
  5 iguanas
  5 hell rats (Lair:6)
  2 polar bear simulacra (IceCv)
  2 troll simulacra (IceCv)
  2 spriggan simulacra (IceCv)
  A wolf simulacrum (IceCv)
  A killer bee zombie (D:8)
  2 centaur simulacra (IceCv)
  A hound zombie (D:9)
  2 hound skeletons (D:4)
  3 worker ant zombies
  12 gnolls
  A howler monkey skeleton (D:9)
  19 adders
  5 ogre simulacra (IceCv)
  4 naga simulacra (IceCv)
  2 shadow imps
  12 white imps (IceCv)
  2 oozes
  An adder zombie (D:8)
  3 worms
  A dart slug (D:1)
  5 leopard geckos
  120 orcs
  3 ball pythons
  8 bats
  2 giant cockroaches
  7 goblins
  9 hobgoblins
  15 jackals
  2 quokkas
  4 frilled lizards
  A giant cockroach zombie (D:5)
  A jackal zombie (D:5)
  8 kobolds
  A quokka zombie (D:7)
  5 rats
  A fungus (Lair:6)
  A plant (Lair:6)
1053 creatures vanquished.

Vanquished Creatures (others)
  A centaur (Shoals:1)
  A worker ant zombie (D:10)
  A quokka (D:4)
  19 fungi
  17 plants
39 creatures vanquished.

Grand Total: 1092 creatures vanquished

Notes
Turn   | Place    | Note
-------+----------+-------------------------------------------
     0 | D:1      | Gorglomux the Draconian Earth Elementalist began the quest for the Orb.
     0 | D:1      | Reached XP level 1. HP: 14/14 MP: 3/3
   168 | D:1      | Reached XP level 2. HP: 20/20 MP: 5/5
   647 | D:1      | Reached XP level 3. HP: 26/26 MP: 7/7
   885 | D:2      | Found a faded altar of an unknown god.
   897 | D:2      | Learned a level 3 spell: Stone Arrow
  1063 | D:2      | Reached skill level 3 in Spellcasting
  1304 | D:2      | Reached XP level 4. HP: 33/33 MP: 8/8
  1341 | D:2      | Noticed Natasha
  1346 | D:2      | Killed Natasha
  1346 | D:2      | Reached skill level 1 in Conjurations
  1471 | D:2      | Noticed Natasha
  1479 | D:2      | Killed Natasha
  1541 | D:2      | Reached XP level 5. HP: 26/38 MP: 0/9
  1943 | D:3      | Found a shattered altar of Ashenzari.
  2360 | D:3      | Found a runed door.
  2442 | D:3      | Noticed Crazy Yiuf
  2446 | D:3      | Killed Crazy Yiuf
  2446 | D:3      | Reached skill level 3 in Conjurations
  2538 | D:3      | Reached XP level 6. HP: 40/45 MP: 4/10
  2609 | D:4      | Found a white marble altar of Elyvilon.
  2669 | D:4      | Reached skill level 6 in Earth Magic
  2669 | D:4      | Your scales start taking on a lurid green colour.
  2669 | D:4      | Reached XP level 7. HP: 41/50 MP: 7/11
  2669 | D:4      | Gained mutation: Your system is resistant to poisons. (rPois) [Green Draconian growth]
  2829 | D:3      | Found a shimmering altar of Xom.
  2926 | D:4      | Learned a level 5 spell: Lee's Rapid Deconstruction
  3185 | D:5      | Entered Level 5 of the Dungeon
  3898 | D:5      | Reached XP level 8. HP: 57/57 MP: 14/14
  4064 | D:6      | Noticed Grinder
  4067 | D:6      | Paralysed by Grinder for 4 turns
  4071 | D:6      | Killed Grinder
  4133 | D:6      | Found an ancient bone altar of Kikubaaqudgha.
  4134 | D:6      | Found a shimmering altar of Xom.
  4243 | D:6      | Found a staircase to the Ecumenical Temple.
  4311 | D:6      | Found a burning altar of Makhleb.
  4313 | D:6      | Found a glowing silver altar of Zin.
  4313 | D:6      | Noticed a cacodemon
  4313 | D:6      | Noticed an angel
  4844 | Temple   | Entered the Ecumenical Temple
  4854 | Temple   | Became a worshipper of Vehumet
  4963 | D:7      | Reached skill level 6 in Spellcasting
  5223 | D:8      | Noticed oki's ghost (novice OpTm)
  5292 | D:8      | Killed oki's ghost
  5292 | D:8      | Reached skill level 9 in Earth Magic
  5292 | D:8      | Reached XP level 9. HP: 47/62 MP: 4/19
  5413 | D:8      | Noticed a two-headed ogre
  5521 | D:8      | Noticed a two-headed ogre
  5529 | D:8      | Killed a two-headed ogre
  5701 | D:8      | Killed a two-headed ogre
  5702 | D:8      | Reached XP level 10. HP: 26/69 MP: 22/22
  5737 | D:8      | Found a staircase to the Lair.
  6023 | D:8      | Noticed a deep elf mage
  6051 | D:8      | Noticed an orange demon
  6053 | D:8      | Killed a deep elf mage
  6053 | D:8      | Reached skill level 9 in Spellcasting
  6199 | D:8      | Reached * piety under Vehumet
  6199 | D:8      | Offered knowledge of Sting by Vehumet.
  6304 | D:8      | Noticed a two-headed ogre
  6311 | D:8      | Killed a two-headed ogre
  6434 | D:8      | Noticed Grum
  6473 | D:8      | Killed Grum
  6567 | D:8      | HP: 2/69 [orc warrior/mace (11)]
  7065 | D:9      | Reached skill level 1 in Fighting
  7076 | D:9      | Noticed a centaur warrior
  7583 | D:9      | Reached XP level 11. HP: 71/79 MP: 17/26
  7657 | D:9      | Killed a centaur warrior
  7657 | D:9      | Offered knowledge of Magic Dart by Vehumet.
  7657 | D:9      | Reached skill level 3 in Dodging
  7730 | D:9      | Reached skill level 3 in Fighting
  7732 | D:9      | HP: 3/82 [orc priest/nerve-wracking pain (10)]
  7734 | D:9      | Reached ** piety under Vehumet
  7888 | D:9      | Noticed a green ugly thing
  7898 | D:9      | Killed a green ugly thing
  8222 | D:9      | Found a blossoming altar of Fedhas.
  8235 | D:9      | Found a shadowy altar of Dithmenos.
  8345 | D:10     | Entered Level 10 of the Dungeon
  8345 | D:10     | Noticed Maurice
  8538 | D:9      | Killed Maurice
  8538 | D:9      | Reached skill level 6 in Conjurations
  8991 | D:10     | Noticed Snorg
  9053 | D:10     | Killed Snorg
  9181 | D:10     | Offered knowledge of Static Discharge by Vehumet.
  9740 | D:10     | Reached *** piety under Vehumet
  9905 | D:10     | Noticed a two-headed ogre
  9910 | D:10     | Killed a two-headed ogre
 10301 | D:11     | Noticed a red ugly thing
 10306 | D:11     | Killed a red ugly thing
 10306 | D:11     | Reached skill level 6 in Fighting
 10461 | D:11     | Offered knowledge of Throw Icicle by Vehumet.
 10530 | D:11     | Reached XP level 12. HP: 34/97 MP: 15/27
 11006 | D:11     | Noticed Urug
 11012 | D:11     | Reached skill level 6 in Dodging
 11024 | D:11     | Reached **** piety under Vehumet
 11028 | D:11     | Killed Urug
 11198 | D:11     | Reached skill level 1 in Shields
 11265 | D:11     | Found Aschosk's Assorted Antiques.
 11269 | D:11     | Bought a scroll of identify for 56 gold pieces
 11269 | D:11     | Bought a scroll labeled JUTWUS JEAMOME for 28 gold pieces
 11360 | Lair:1   | Entered Level 1 of the Lair of Beasts
 11373 | Lair:1   | Offered knowledge of Fireball by Vehumet.
 11408 | Lair:1   | Learned a level 5 spell: Fireball
 11527 | Lair:1   | Noticed a seven-headed hydra
 11530 | Lair:1   | Killed a seven-headed hydra
 11530 | Lair:1   | Reached skill level 1 in Fire Magic
 11549 | Lair:1   | Reached skill level 12 in Spellcasting
 11549 | Lair:1   | Reached XP level 13. HP: 107/107 MP: 17/29
 11656 | Lair:1   | Reached skill level 9 in Conjurations
 11668 | Lair:1   | Got a pair of transparent gloves
 11679 | Lair:1   | Identified the +2 pair of gloves "Ryumegata" {+Inv rC- MR+ Str+3} (You found it on level 1 of the Lair of Beasts)
 13181 | Lair:3   | Found a staircase to the Snake Pit.
 13191 | Lair:3   | Reached ***** piety under Vehumet
 13321 | Lair:3   | Offered knowledge of Airstrike by Vehumet.
 13334 | Lair:3   | Reached skill level 9 in Fighting
 13744 | Lair:4   | Identified Hunaeth's Collected Works on Quantum Curses
 14019 | Lair:4   | Reached skill level 6 in Fire Magic
 14028 | Lair:4   | Found a staircase to the Shoals.
 14404 | Lair:4   | Learned a level 2 spell: Blink
 14474 | Lair:4   | Reached skill level 1 in Translocations
 14949 | Lair:5   | Gained mutation: Your tail ends in a poisonous barb. [Green Draconian growth]
 14949 | Lair:5   | Reached XP level 14. HP: 102/118 MP: 26/30
 15838 | Lair:5   | Offered knowledge of Sticky Flame by Vehumet.
 16189 | Lair:6   | Entered Level 6 of the Lair of Beasts
 16911 | Lair:6   | Found a frozen archway.
 16958 | IceCv    | Entered an ice cave
 17572 | IceCv    | Found an ancient bone altar of Kikubaaqudgha.
 17580 | IceCv    | Offered knowledge of Bolt of Magma by Vehumet.
 17918 | Lair:6   | Learned a level 6 spell: Deflect Missiles
 18006 | Lair:6   | Reached skill level 1 in Air Magic
 18413 | Lair:6   | Reached skill level 1 in Charms
 18932 | Lair:6   | Found a viscous altar of Jiyva.
 18933 | Lair:6   | Found a staircase to the Slime Pits.
 19702 | Lair:6   | Reached skill level 3 in Charms
 19702 | Lair:6   | Reached skill level 3 in Air Magic
 19901 | Lair:6   | Reached XP level 15. HP: 80/130 MP: 30/31
 19914 | Lair:6   | Got a serpentine pewter ring
 20070 | Lair:6   | Found a burning altar of Makhleb.
 20075 | Lair:6   | Found a gateway to Hell.
 21021 | D:12     | Identified the ring of Finality {rF+ rN+ AC+5 Dex+2} (You took it off a red devil on level 6 of the Lair of Beasts)
 21318 | D:12     | Learned a level 5 spell: Bolt of Magma
 21431 | D:12     | Reached skill level 9 in Fire Magic
 21656 | D:12     | Noticed Kirke
 21795 | D:12     | Killed Kirke
 22080 | D:12     | Offered knowledge of Conjure Ball Lightning by Vehumet.
 22179 | D:12     | Found a staircase to the Orcish Mines.
 22412 | D:13     | Reached ****** piety under Vehumet
 22823 | D:13     | Noticed Azrael
 22832 | D:13     | Killed Azrael
 22832 | D:13     | Reached skill level 12 in Conjurations
 23380 | D:14     | Reached skill level 12 in Fighting
 23562 | D:14     | Found a gate to the Vaults.
 23657 | D:14     | Found a flagged portal.
 23678 | Bailey   | Entered a bailey
 23678 | Bailey   | Noticed kelthazard's ghost (novice MiBe)
 23682 | Bailey   | Killed kelthazard's ghost
 23922 | Bailey   | Learned a level 3 spell: Regeneration
 23979 | Bailey   | Learned a level 2 spell: Sublimation of Blood
 24015 | D:14     | Offered knowledge of Bolt of Fire by Vehumet.
 24025 | D:14     | Learned a level 6 spell: Bolt of Fire
 24443 | D:15     | Entered Level 15 of the Dungeon
 24453 | D:15     | Reached skill level 6 in Air Magic
 24739 | D:15     | Reached skill level 6 in Charms
 24739 | D:15     | Reached XP level 16. HP: 97/141 MP: 8/32
 25471 | D:15     | Found a staircase to the Depths.
 26182 | D:15     | Offered knowledge of Iron Shot by Vehumet.
 26215 | D:15     | Learned a level 6 spell: Iron Shot
 26645 | Orc:1    | Entered Level 1 of the Orcish Mines
 26705 | Orc:2    | Entered Level 2 of the Orcish Mines
 27186 | Orc:2    | Found Etuibee's Assorted Antiques.
 27186 | Orc:2    | Found Guoteschoq's Magic Scroll Emporium.
 27187 | Orc:2    | Found Louteaf's Antique Weapon Shoppe.
 27187 | Orc:2    | Found Quaw's Food Emporium.
 27705 | Orc:2    | Found a roughly hewn altar of Beogh.
 27711 | Orc:2    | Found a staircase to the Elven Halls.
 27805 | Orc:2    | Offered knowledge of Poison Arrow by Vehumet.
 28326 | Orc:2    | Bought a scroll of noise for 16 gold pieces
 28331 | Orc:2    | Bought a scroll of teleportation for 57 gold pieces
 28331 | Orc:2    | Bought a scroll labeled HIOMIBUOFF for 19 gold pieces
 28331 | Orc:2    | Bought a scroll of identify for 38 gold pieces
 28339 | Orc:2    | Bought a scroll of recharging for 152 gold pieces
 28342 | Orc:2    | Bought the +7 lajatang of Order {silver, rMut} for 1940 gold pieces
 28596 | Snake:1  | Entered Level 1 of the Snake Pit
 28955 | Shoals:1 | Entered Level 1 of the Shoals
 29004 | Shoals:1 | Found Japenood's General Store.
 29268 | Shoals:1 | Found Botepefi's Antique Weapon Boutique.
 30325 | Shoals:2 | Noticed Polyphemus
 30655 | Shoals:2 | Killed Polyphemus
 30655 | Shoals:2 | Reached skill level 1 in Necromancy
 31059 | Shoals:2 | Noticed Nikola
 31069 | Shoals:2 | Killed Nikola
 31069 | Shoals:2 | Reached XP level 17. HP: 151/151 MP: 10/33
 31393 | Shoals:2 | Reached skill level 9 in Dodging
 31583 | Shoals:1 | Bought an uncursed staff of power for 375 gold pieces
 31641 | Shoals:2 | Offered knowledge of Lehudib's Crystal Spear by Vehumet.
 31641 | Shoals:2 | Offered knowledge of Shatter by Vehumet.
 31641 | Shoals:2 | Offered knowledge of Chain Lightning by Vehumet.
 32194 | Shoals:3 | Noticed Louise
 32201 | Shoals:3 | Killed Louise
 32461 | Shoals:3 | Reached skill level 12 in Earth Magic
 34180 | Shoals:4 | Entered Level 4 of the Shoals
 34180 | Shoals:4 | Found Jenus's Weapon Shoppe.
 34351 | Shoals:4 | Noticed Ilsuiw
 34394 | Shoals:4 | Killed from afar by Ilsuiw

Skill      XL: |  1  2  3  4  5  6  7  8  9 10 11 12 13 14 15 16 17 |
---------------+----------------------------------------------------+-----
Spellcasting   | 3 4 7 8 11 12 | 12.5
Earth Magic    | 4 5 6 7 9 10 13 | 13.1
Conjurations   | 2 3 4 5 8 10 11 12 | 12.8
Dodging        | 2 5 6 7 8 9 |  9.0
Fighting       | 2 6 7 9 11 12 13 | 13.8
Shields        | 4 |  4.6
Fire Magic     | 4 6 8 10 11 | 11.7
Translocations | 1 |  1.9
Air Magic      | 3 6 7 |  7.2
Charms         | 3 6 7 |  7.2
Necromancy     | 1 2 |  2.0
Stealth        | |  1.7
Transmutations | |  1.0

Action                   |  1- 3 |  4- 6 |  7- 9 | 10-12 | 13-15 | 16-18 || total
-------------------------+-------+-------+-------+-------+-------+-------++-------
Melee: Unarmed           |    10 |       |       |       |    16 |       ||    26
       Short sword       |    32 |       |       |       |       |       ||    32
       Tailslap          |     7 |     7 |    25 |    19 |    46 |    61 ||   165
       Dagger            |    42 |    89 |   212 |   154 |   100 |       ||   597
       Staff             |       |       |       |       |   286 |   357 ||   643
 Cast: Sandblast         |    26 |    17 |     7 |    35 |     2 |       ||    87
       Stone Arrow       |     4 |    23 |    57 |   241 |   435 |    30 ||   790
       Lee's Rapid Decon |       |       |     7 |    45 |    58 |    10 ||   120
       Fireball          |       |       |       |     2 |   166 |    64 ||   232
       Blink             |       |       |       |       |     2 |     1 ||     3
       Bolt of Magma     |       |       |       |       |    53 |       ||    53
       Bolt of Fire      |       |       |       |       |    19 |   199 ||   218
       Regeneration      |       |       |       |       |     1 |    10 ||    11
       Deflect Missiles  |       |       |       |       |     1 |     3 ||     4
       Iron Shot         |       |       |       |       |       |    65 ||    65
       Sublimation of Bl |       |       |       |       |       |    43 ||    43
 Abil: Breathe Noxious F |       |       |     3 |    18 |    23 |    19 ||    63
Evoke: Wand              |       |       |       |     1 |     8 |    25 ||    34
       Lightning rod     |       |       |       |       |     8 |     8 ||    16
       Phial of floods   |       |       |       |       |       |     3 ||     3
       Lamp of fire      |       |       |       |       |       |     1 ||     1
  Use: Potion            |     1 |       |     1 |     3 |       |     2 ||     7
       Scroll            |       |     1 |     4 |    11 |    20 |    12 ||    48
 Stab: Sleeping          |     3 |     2 |     2 |     2 |     1 |     1 ||    11
       Confused          |       |       |     1 |     1 |     5 |     5 ||    12
  Eat: Chunk             |     2 |     7 |    12 |    29 |    80 |    93 ||   223
       Fruit             |       |       |     3 |       |     2 |     6 ||    11
       Royal jelly       |       |       |       |     1 |     6 |     4 ||    11
       Meat ration       |       |       |       |       |       |     4 ||     4
Armor: Skin              |    39 |    68 |   118 |   119 |   246 |   209 ||   799
Dodge: Dodged            |    73 |   111 |   179 |   198 |   519 |   451 ||  1531
       Deflected         |       |       |       |       |     4 |    15 ||    19
Block: Buckler           |       |       |       |       |   175 |   416 ||   591
       Reflection        |       |       |       |       |       |    20 ||    20
       Other             |       |       |       |       |       |     6 ||     6
